 Dungeon Crawl Stone Soup version 0.30.1-1-g62c8e00024 (webtiles) character file.

Game seed: 9723351086148283346

123 booth the Chopper (level 5, -4/36 (43) HPs)
             Began as a Gnoll Reaver on July 15, 2023.
             Slain by an orc
             ... wielding a +0 hand axe
              (6 damage)
             ... on level 3 of the Dungeon.
             The game lasted 00:11:33 (2171 turns).

booth the Chopper (Gnoll Reaver)                    Turns: 2171, Time: 00:11:33

HP:   -4/36 (43)    AC:  4    Str: 13    XL:     5   Next: 7%
MP:   0/12          EV: 12    Int: 12    God:
Gold: 141           SH:  0    Dex: 11    Spells: 13/14 levels left

rFire   . . .        a - +0 hand axe
rCold   . . .        (no shield)
rNeg    . . .        b - +0 leather armour
rPois   .            o - +0 helmet
rElec   .            (no cloak)
rCorr   .            (no gloves)
SInv    .            (no boots)
Will    +....        e - amulet of guardian spirit
Stlth   +            c - ring of willpower
HPRegen 0.26/turn    (no ring)
MPRegen 0.13/turn

%: guardian spirit
@: lethally poisoned (-4 -> -5), heavily drained
A: fangs 1, strong nose, distributed training
a: no special abilities


You were on level 3 of the Dungeon.
You visited 1 branch of the dungeon, and saw 3 of its levels.

You collected 141 gold pieces.

Inventory:

Hand Weapons
 a - a +0 hand axe (weapon)
 g - a +2 vampiric dagger
 k - a +0 dagger of venom
 s - a +0 flail
Armour
 b - a +0 leather armour (worn)
 o - a +0 helmet (worn)
Jewellery
 c - a ring of willpower (left hand)
 e - an amulet of guardian spirit (around neck)
Scrolls
 d - 2 scrolls of blinking
 j - a scroll of vulnerability
 p - a scroll of immolation
 q - a scroll of enchant armour {unknown}
 r - 2 scrolls of teleportation {unknown}
Potions
 h - a potion of lignification
 i - a potion of flight
 m - a potion of attraction {unknown}
 n - a potion of resistance


   Skills:
 + Level 4.7 Fighting
 + Level 1.4 Short Blades
 + Level 1.4 Long Blades
 + Level 6.6 Axes
 + Level 1.4 Maces & Flails
 + Level 1.4 Polearms
 + Level 1.4 Staves
 + Level 1.4 Ranged Weapons
 + Level 1.4 Throwing
 + Level 1.4 Armour
 + Level 4.7 Dodging
 + Level 1.4 Stealth
 + Level 1.4 Shields
 + Level 1.4 Unarmed Combat
 + Level 5.1 Spellcasting
 + Level 5.5 Conjurations
 + Level 1.1 Hexes
 + Level 1.1 Summonings
 + Level 1.1 Necromancy
 + Level 1.1 Translocations
 + Level 1.1 Transmutations
 + Level 1.1 Fire Magic
 + Level 1.1 Ice Magic
 + Level 1.1 Air Magic
 + Level 1.1 Earth Magic
 + Level 1.1 Poison Magic
 + Level 1.5 Invocations
 + Level 1.4 Evocations


You had 13 spell levels left.
You knew the following spells:

 Your Spells              Type           Power      Damage    Failure   Level
a - Kiss of Death         Conj/Necr      44%        2d8       6%          1

Your spell library contained the following spells:

 Spells                   Type           Power      Damage    Failure   Level
 Momentum Strike          Conj/Tloc      22%        3d8       10%         2
 Hailstorm                Conj/Ice       11%        3d5       19%         3


Dungeon Overview and Level Annotations

Branches:
Dungeon (3/15)

Altars:


Innate Abilities, Weirdness & Mutations

You have very sharp teeth.
Your uncanny sense of smell can sniff out nearby items.
Your experience applies equally to all skills.


Message History

You closely miss the adder. Your punch misses the adder.
The adder is lightly wounded.
You barely miss the orc.
The adder looks more healthy.
The adder closely misses you. The orc completely misses you.
The adder bites you.
* * * LOW HITPOINT WARNING * * *
You are poisoned.
The adder poisons you!
You hit the adder. Your punch misses the adder.
The adder is heavily wounded.
You hit the orc but do no damage.
You feel sick. The orc hits you with a +0 hand axe.
* * * LOW HITPOINT WARNING * * *
The adder bites you.
* * * LOW HITPOINT WARNING * * *
You closely miss the adder.
The adder is heavily wounded.
You hit the orc.
* * * LOW HITPOINT WARNING * * *
You feel sick. The adder bites you but does no damage.
The orc closely misses you.
You hit the adder but do no damage.
The adder is heavily wounded.
You hit the orc but do no damage.
* * * LOW HITPOINT WARNING * * *
You feel sick. The adder bites you but does no damage.
The orc hits you but does no damage. The adder misses you.
Sorry, you're not good enough to have a special ability.
Unknown command.
Casting: Kiss of Death (safe; 6% risk of failure)
Confirm with . or Enter, or press ? or * to list all spells.
Aiming: Kiss of Death (safe; 6% risk of failure)
Press: ? - help, Shift-Dir - straight line, f/p - adder
Aim: an adder (heavily wounded, 100% to hit)
The negative energy hits the adder!
The adder is drained!
You kill the adder!
You feel drained.
* * * LOW HITPOINT WARNING * * *
You feel sick. The orc hits you with a +0 hand axe!
You die...

##............#### ..
#...............#.##...
####.........##......#
##.......(###......#
##.......# ..'....
#.......## ......#
#........#........
#.)(.......#.#....
#@o†|........#....
#####......... #.. ∆
#........ .S.....
....... .....#. .....o#
∆ .......


You could see an orc.

Vanquished Creatures
  Natasha (D:2)
  Robin (D:2)
  4 adders
  A worm (D:3)
  A dart slug (D:2)
  An orc (D:3)
  2 ball pythons
  An endoplasm (D:2)
  A giant cockroach (D:1)
  8 hobgoblins
  4 jackals (D:1)
  A quokka (D:2)
  2 bats
  3 frilled lizards (D:1)
  13 goblins
  7 kobolds
  5 rats
56 creatures vanquished.

Notes
Turn   | Place    | Note
-------+----------+-------------------------------------------
     0 | D:1      | booth the Gnoll Reaver began the quest for the Orb.
     0 | D:1      | Reached XP level 1. HP: 20/20 MP: 6/6
   190 | D:1      | Reached XP level 2. HP: 21/26 MP: 5/7
   949 | D:2      | Reached skill level 5 in Spellcasting
   949 | D:2      | Reached XP level 3. HP: 29/31 MP: 6/9
  1086 | D:2      | Noticed Robin
  1109 | D:2      | Killed Robin
  1110 | D:2      | Reached skill level 1 in Invocations
  1115 | D:2      | Reached skill level 1 in Short Blades
  1115 | D:2      | Reached skill level 1 in Long Blades
  1115 | D:2      | Reached skill level 1 in Maces & Flails
  1115 | D:2      | Reached skill level 1 in Polearms
  1115 | D:2      | Reached skill level 1 in Staves
  1115 | D:2      | Reached skill level 1 in Ranged Weapons
  1115 | D:2      | Reached skill level 1 in Throwing
  1115 | D:2      | Reached skill level 1 in Armour
  1115 | D:2      | Reached skill level 1 in Stealth
  1115 | D:2      | Reached skill level 1 in Shields
  1115 | D:2      | Reached skill level 1 in Unarmed Combat
  1115 | D:2      | Reached skill level 1 in Evocations
  1272 | D:2      | Reached XP level 4. HP: 32/36 MP: 11/11
  1780 | D:3      | Reached skill level 1 in Hexes
  1780 | D:3      | Reached skill level 1 in Summonings
  1780 | D:3      | Reached skill level 1 in Necromancy
  1780 | D:3      | Reached skill level 1 in Translocations
  1780 | D:3      | Reached skill level 1 in Transmutations
  1780 | D:3      | Reached skill level 1 in Fire Magic
  1780 | D:3      | Reached skill level 1 in Ice Magic
  1780 | D:3      | Reached skill level 1 in Air Magic
  1780 | D:3      | Reached skill level 1 in Earth Magic
  1780 | D:3      | Reached skill level 1 in Poison Magic
  1855 | D:3      | Noticed Natasha
  1878 | D:2      | Killed Natasha
  2023 | D:3      | Reached XP level 5. HP: 35/43 MP: 8/12
  2164 | D:3      | HP: 1/43 [orc/+0 hand axe (2)]
  2171 | D:3      | Slain by an orc

Illustrated notes

Levels and vault maps discovered:
D:1:      spicycebolla_arrival_clurvy, layout_basic
D:2:      layout_basic, eino_tiny_chamber, uniq_robin
D:3:      layout_rooms, hellmonk_ecumenical_altar_blasted, uniq_natasha

Skill      XL: |  1  2  3  4 |
---------------+-------------+-----
Spellcasting   | 5 |  5.1
Invocations    | 1 |  1.5
Short Blades   | 1 |  1.4
Long Blades    | 1 |  1.4
Maces & Flails | 1 |  1.4
Polearms       | 1 |  1.4
Staves         | 1 |  1.4
Ranged Weapons | 1 |  1.4
Throwing       | 1 |  1.4
Armour         | 1 |  1.4
Stealth        | 1 |  1.4
Shields        | 1 |  1.4
Unarmed Combat | 1 |  1.4
Evocations     | 1 |  1.4
Hexes          | 1 |  1.1
Summonings     | 1 |  1.1
Necromancy     | 1 |  1.1
Translocations | 1 |  1.1
Transmutations | 1 |  1.1
Fire Magic     | 1 |  1.1
Ice Magic      | 1 |  1.1
Air Magic      | 1 |  1.1
Earth Magic    | 1 |  1.1
Poison Magic   | 1 |  1.1
Fighting       | |  4.7
Axes           | |  6.6
Dodging        | |  4.7
Conjurations   | |  5.5

Action                     |  1- 3 |  4- 6 || total
---------------------------+-------+-------++-------
  Melee: Hand axe          |   111 |    78 ||   189
         Bite              |     8 |     8 ||    16
         Punch             |     1 |     1 ||     2
  Throw: Dart              |     3 |    12 ||    15
   Cast: Kiss of Death     |     1 |     1 ||     2
    Use: Scroll            |     4 |     1 ||     5
         Potion            |       |     2 ||     2
 Armour: Leather armour    |    29 |    22 ||    51
  Dodge: Dodged            |    68 |    61 ||   129
